 Dungeon Crawl Stone Soup version 0.30-a0-1112-gfb780f5df6 (webtiles) character file.

Game seed: 11243865548962139426

2208 lunkers the Martial Artist (level 9, -6/76 HPs)
             Began as a Meteoran Transmuter on Apr 19, 2023.
             Was an Initiate of Gozag.
             Mangled by a manticore (7 damage)
             ... on level 7 of the Dungeon.
             The game lasted 00:09:22 (2551 turns).

lunkers the Martial Artist (Meteoran Transmuter)    Turns: 2551, Time: 00:09:23

Health: -6/76      AC:  7    Str: 12    XL:     9   Next: 91%
Magic:  11/14      EV: 15    Int: 16    God:    Gozag
Gold:   113        SH:  0    Dex: 18    Spells: 4/13 levels left

rFire   x . .      SeeInvis .      - Unarmed
rCold   + + +      Faith    .    (shield currently unavailable)
rNeg    . . .      Spirit   .    s - melded +2 robe of Fun and Games {rPois Int+6 Dex-2 SInv}
rPois   +          Reflect  .    o - melded +2 helmet
rElec   .          Rampage  .    (cloak currently unavailable)
rCorr   .                        (gloves currently unavailable)
Will    .....                    (boots currently unavailable)
Stlth   +                        (no amulet)
HPRegen 0.32/turn                d - +5 ring of evasion
MPRegen 0.14/turn                (no ring)

@: ice-form, weak-willed, spiked, gold aura, glowing
A: freezing attack, amphibious, boosted hp, large, sense surroundings 2,
otherworldly, glowing, explore regen
a: End Transformation, Renounce Religion, Potion Petition, Call Merchant, Bribe
Branch


You were on level 7 of the Dungeon.
You worshipped Gozag.
Gozag was aware of your devotion.
You were a creature of crystalline ice.
You visited 1 branch of the dungeon, and saw 7 of its levels.

You collected 290 gold pieces.
You paid 177 gold pieces to Gozag.

Inventory:

Hand Weapons
 m - the +9 trident of Fofugru {antimagic, rElec Will++ rCorr}
   (You found it on level 4 of the Dungeon)

   rElec:     It insulates you from electricity.
   rCorr:     It protects you from acid and corrosion.
   Will:      It greatly increases your willpower.
 n - the +7 staff of the Meek {protect, meekguard}
   (You found it on level 4 of the Dungeon)
Armour
 a - a +0 robe
 j - a +0 leather armour of cold resistance
 o - a +2 helmet (melded)
 s - the +2 robe of Fun and Games (melded) {rPois Int+6 Dex-2 SInv}
   (You found it on level 5 of the Dungeon)

   Int:       It affects your intelligence (+6).
   Dex:       It affects your dexterity (-2).
   rPois:     It protects you from poison.
   SInv:      It lets you see invisible.
 v - a +0 buckler
Jewellery
 d - a +5 ring of evasion (left front paw)
Wands
 r - a wand of flame (13)
Scrolls
 h - 2 scrolls of fear
 i - a scroll of amnesia
 l - a scroll of teleportation
 p - 2 scrolls of identify
 u - a scroll of immolation
Potions
 b - a potion of lignification
 c - 2 potions of mutation
 e - 2 potions of heal wounds
 t - a potion of ambrosia


   Skills:
 - Level 1.1 Fighting
 - Level 2.4 Dodging
 - Level 12.0 Unarmed Combat
 - Level 2.6 Spellcasting
 + Level 9.2 Transmutations


You had 4 spell levels left.
You knew the following spells:

 Your Spells              Type           Power      Damage    Failure   Level
b - Wereblood             Tmut           31%        N/A       1%          2
c - Spider Form           Tmut/Pois      16%        N/A       9%          3
d - Ice Form              Ice/Tmut       16%        N/A       28%         4

Your spell library contained the following spells:

 Spells                   Type           Power      Damage    Failure   Level
 Beastly Appendage        Tmut           62%        N/A       1%          1
 Poisonous Vapours        Pois/Air       4%         N/A       28%         2
 Mephitic Cloud           Conj/Pois/Air  2%         N/A       50%         3
 Freezing Cloud           Conj/Ice/Air   1%         6-21      99%         5


Dungeon Overview and Level Annotations

Branches:
Dungeon (7/15) Zot: 1710   Temple (0/1) D:7

Altars:
Dithmenos
Elyvilon
Gozag
Nemelex Xobeh
Sif Muna
Trog
Yredelemnul

Shops:
D:2 (


Innate Abilities, Weirdness & Mutations

You are a creature of crystalline ice.
You have a powerful freezing melee attack.
You are amphibious.
Your maximum health is increased.
Your armour is entirely melded.
You are incapable of wielding weapons or throwing items.
You passively map the area around you.
You are easily found by Zot.
You glow in the dark.
You regain HP and MP as you explore.


Message History

A howler monkey and a manticore come into view.
Found 8 gold pieces, a quarterstaff and a book of Decay.
Found a staircase to the Ecumenical Temple.
Cast which spell? (? or * to list)
Okay, then.
The howler monkey hoots and howls with incredible vigour!
Found 2 scrolls labelled VUCEUFFIONO.
Cast which spell? (? or * to list)
You turn into a creature of crystalline ice.
Your +2 helmet melds into your body.
The +2 robe of Fun and Games {rPois Int+6 Dex-2 SInv} melds into your body.
The manticore flicks its tail.
The volley of spikes hits you!
The barbed spikes become lodged in your body.
* * * LOW HITPOINT WARNING * * *
The howler monkey barely misses you.
You hit the howler monkey. You freeze the howler monkey.
The howler monkey is lightly wounded.
The howler monkey hits you.
* * * LOW HITPOINT WARNING * * *
You punch the howler monkey! You freeze the howler monkey!
You kill the howler monkey!
The manticore flicks its tail.
The volley of spikes hits you.
The barbed spikes become lodged in your body.
* * * LOW HITPOINT WARNING * * *
The manticore flicks its tail.
The volley of spikes hits you!
The barbed spikes become lodged in your body.
* * * LOW HITPOINT WARNING * * *
Unknown command.
You pummel the manticore!! You freeze the manticore.
The manticore is heavily wounded.
The manticore bites you!
* * * LOW HITPOINT WARNING * * *
The manticore claws you!
* * * LOW HITPOINT WARNING * * *
The manticore claws you!
You die...
Your body crumbles into a pile of gold.

*..⌠...⌠..#.* ,*
* ......H..#.* ,
?....>..... ** ,
,#.........#*
#..⌠...⌠..#####.
*, *
.:...........$.
,* * .........#
, * * ,
##)##.##H##* *
,.......Y.# **
########## * *
$$ *, $$$ , $$ ,
* * **


You could see a manticore.

Vanquished Creatures
  Maggie (D:7)
  Sigmund (D:3)
  A sky beast (D:6)
  2 black bears (D:6)
  4 ogres
  A bullfrog (D:5)
  2 gnoll sergeants (D:6)
  2 scorpions
  4 killer bees (D:7)
  3 howler monkeys
  4 orc priests
  A gnoll bouda (D:6)
  2 hounds
  2 iguanas
  2 orc wizards
  15 gnolls (D:6)
  6 adders
  2 white imps (D:6)
  An ufetubus (D:6)
  2 worms
  3 dart slugs
  19 orcs
  6 ball pythons
  3 endoplasms
  A giant cockroach (D:3)
  3 goblins
  3 hobgoblins
  2 quokkas
  6 bats
  2 frilled lizards
  6 kobolds
  3 rats (D:2)
115 creatures vanquished.

Vanquished Creatures (others)
  A plant (D:3)
1 creature vanquished.

Grand Total: 116 creatures vanquished

Notes
Turn   | Place    | Note
-------+----------+-------------------------------------------
     0 | D:1      | lunkers the Meteoran Transmuter began the quest for the
                  | Orb.
     0 | D:1      | Reached XP level 1. HP: 16/16 MP: 5/5
    48 | D:1      | Reached skill level 4 in Unarmed Combat
    48 | D:1      | Reached XP level 2. HP: 23/23 MP: 6/6
   186 | D:1      | Found a faded altar of an unknown god.
   302 | D:2      | Reached XP level 3. HP: 21/28 MP: 8/8
   372 | D:2      | Learned a level 2 spell: Wereblood
   376 | D:2      | Learned a level 3 spell: Spider Form
   399 | D:2      | Reached skill level 5 in Unarmed Combat
   404 | D:2      | Reached XP level 4. HP: 13/35 MP: 7/9
   485 | D:2      | Found Ydaekki's Antique Weapon Emporium.
   702 | D:3      | Noticed Sigmund
   715 | D:3      | Killed Sigmund
   716 | D:3      | Reached skill level 7 in Unarmed Combat
   716 | D:3      | Reached XP level 5. HP: 15/40 MP: 8/10
   716 | D:3      | Reached XP level 6. HP: 17/47 MP: 8/11
   734 | D:3      | Found a basalt altar of Yredelemnul.
   830 | D:3      | Found a white marble altar of Elyvilon.
   971 | D:3      | Found a bloodstained altar of Trog.
  1100 | D:4      | Identified the +9 trident of Fofugru {antimagic, rElec
                  | Will++ rCorr}
  1117 | D:4      | Reached skill level 8 in Unarmed Combat
  1125 | D:4      | Found the +7 staff of the Meek {protect, meekguard}
  1157 | D:4      | Noticed an ogre
  1166 | D:4      | Killed an ogre
  1167 | D:4      | Reached XP level 7. HP: 36/52 MP: 3/12
  1239 | D:4      | Reached skill level 9 in Unarmed Combat
  1355 | D:5      | Entered Level 5 of the Dungeon
  1405 | D:5      | Identified the +2 robe of Fun and Games {rPois Int+6 Dex-2
                  | SInv}
  1452 | D:5      | Learned a level 4 spell: Ice Form
  1481 | D:5      | Reached skill level 10 in Unarmed Combat
  1481 | D:5      | Reached XP level 8. HP: 59/59 MP: 11/13
  1793 | D:6      | Reached skill level 11 in Unarmed Combat
  1856 | D:6      | Gained mutation: You passively map the area around you.
                  | [Meteoran growth]
  1856 | D:6      | Reached XP level 9. HP: 14/64 MP: 10/14
  1957 | D:6      | Reached skill level 5 in Transmutations
  1977 | D:6      | Reached skill level 12 in Unarmed Combat
  2127 | D:6      | Found a shimmering blue altar of Sif Muna.
  2402 | D:7      | Found a shadowy altar of Dithmenos.
  2419 | D:7      | Noticed Maggie
  2429 | D:7      | Killed Maggie
  2487 | D:7      | Found an opulent altar of Gozag.
  2487 | D:7      | Found a sparkling altar of Nemelex Xobeh.
  2530 | D:7      | Became a worshipper of Gozag Ym Sagoz the Greedy
  2539 | D:7      | Found a staircase to the Ecumenical Temple.
  2539 | D:7      | Noticed a manticore
  2551 | D:7      | HP: 1/76 [manticore (7)]
  2551 | D:7      | Mangled by a manticore

Illustrated notes

Levels and vault maps discovered:
D:1:      enne_arrival_octagon_isle, layout_basic,
          ebering_ecumenical_altar_webs, amethyst_killhole
D:2:      layout_loops_cross, serial_shops, nicolae_shop_tiny_statue_garden
D:3:      cheibrodos_old_hovel, layout_basic, nicolae_elyvilon_temple_path,
          yredelemnul_altar_generic, mainiacjoe_overflow_chevrons,
          nrook_mini_backslash, nicolae_kite_square_tiling_tiny, uniq_sigmund
D:4:      layout_cave_pools, minmay_misc_feat_four_crosses,
          pf_guarded_unrand_meek
D:5:      layout_loops_ring, gup_sewer_entry_bowl
D:6:      layout_basic, nicolae_sif_muna_condensation,
          hellmonk_bongcloud_opening, nicolae_titane
D:7:      layout_basic, grunt_temple_overflow_opulence,
          nicolae_dithmenos_through_a_glass_darkly, zin_treasury,
          minmay_temple_entry_large_hall, uniq_prince_ribbit1, uniq_maggie

Skill      XL: |  1  2  3  4  5  6  7  8  9 |
---------------+----------------------------+-----
Unarmed Combat | 4 5 7 8 10 11 12 | 12.0
Transmutations | 4 9 |  9.2
Fighting       | |  1.1
Dodging        | |  2.4
Spellcasting   | |  2.6

Action                     |  1- 3 |  4- 6 |  7- 9 || total
---------------------------+-------+-------+-------++-------
  Melee: Unarmed           |    71 |    85 |   214 ||   370
         Kick              |     5 |     9 |     2 ||    16
         Headbutt          |       |     3 |       ||     3
         Punch             |       |     3 |     4 ||     7
   Cast: Beastly Appendage |     4 |     5 |     1 ||    10
         Spider Form       |       |     2 |    22 ||    24
         Ice Form          |       |       |     1 ||     1
    Use: Scroll            |       |       |    12 ||    12
         Potion            |       |       |     3 ||     3
 Armour: Robe              |     7 |    10 |     6 ||    23
         Skin              |       |       |    26 ||    26
  Dodge: Dodged            |    50 |    64 |   182 ||   296

Table legend: (Time is in decaauts)
 A = Elapsed time spent in this place.
 B = Non-inter-level travel time spent in this place.
 C = Inter-level travel time spent in this place.
 D = Time resting spent in this place.
 E = Time spent auto-exploring this place.
 F = Levels seen in this place.
 G = Mean time per level.
                   A        B        C        D        E       F      G
               +--------+--------+--------+--------+--------+-----+--------+
         Total |   2488 |   2363 |    125 |      0 |   1389 |   7 |  355.4 |
       Dungeon |   2488 |   2363 |    125 |      0 |   1389 |   7 |  355.4 |
               +--------+--------+--------+--------+--------+-----+--------+

Top non-repeatable levels by time:
     D:6: 639 daAuts
     D:3: 465 daAuts
     D:5: 385 daAuts
     D:4: 353 daAuts
     D:1: 277 daAuts
     D:2: 236 daAuts
     D:7: 132 daAuts
